 Dungeon Crawl Stone Soup version 0.19-a0-1201-gda63bca (webtiles) character file.

1197 Leszczynek the Basher (level 8, 0/112 HPs)
             Began as an Ogre Earth Elementalist on Aug 20, 2016.
             Was a Follower of Makhleb.
             Succumbed to a water moccasin's poison
             ... on level 7 of the Dungeon.
             The game lasted 00:27:42 (4706 turns).

Leszczynek the Basher (Ogre Earth Elementalist)     Turns: 4706, Time: 00:27:43

Health: 0/112      AC: 24    Str: 21    XL:     8   Next: 44%
Magic:  11/11      EV:  1    Int: 14    God:    Makhleb [*.....]
Gold:   257        SH:  0    Dex: 10    Spells: 3 memorised, 5 levels left

rFire  x . .     SeeInvis +     d - 3 bread rations
rCold  + . .     Gourm    +     (armour currently unavailable)
rNeg   + + +     Faith    .     (no shield)
rPois  +         Spirit   .     (helmet currently unavailable)
rElec  .         Dismiss  .     (cloak currently unavailable)
rCorr  .         Reflect  .     (gloves unavailable)
MR     .....     Harm     .     (boots unavailable)
Stlth  ++........ NoTele   +    l - amulet of the gourmand
                                w - ring of see invisible
                                s - ring of ice

@: mighty, lethally poisoned (0 -> -1), tree-form
A: unfitting armour, (tough skin 0)
a: Renounce Religion


You were on level 7 of the Dungeon.
You worshipped Makhleb.
Makhleb was aware of your devotion.
You were very hungry.
You were a tree.
You visited 2 branches of the dungeon, and saw 8 of its levels.

You collected 367 gold pieces.
You spent 110 gold pieces at shops.

Inventory:

Hand Weapons
 a - a +0 flail
 k - a +0 hunting sling
 r - a +0 great mace
 u - a +4 blowgun
 C - a +0 giant spiked club
Missiles
 b - 30 stones (quivered)
 j - 7 tomahawks
 m - 42 sling bullets
 v - 40 poisoned needles
Armour
 y - the +2 robe "Secib" (melded) {Str+4}
   (You found it on level 5 of the Dungeon)

   It affects your strength (+4).
Jewellery
 i - a +2 ring of protection
 l - an amulet of the gourmand (around neck)
 s - a ring of ice (left branch)
 w - a ring of see invisible (right branch)
Wands
 e - a wand of teleportation (4/9)
 g - a wand of confusion (34/48)
 p - a wand of iceblast (0/15)
Scrolls
 h - 7 scrolls of remove curse {rc, unknown}
 n - a scroll of amnesia
 o - a scroll of magic mapping
 q - a scroll of enchant weapon {unknown}
 x - a scroll of recharging
 D - a scroll of blinking {unknown}
Potions
 t - a potion of cure mutation
 z - a potion of brilliance
 A - a potion of might
 B - a potion of curing
Comestibles
 d - 3 bread rations (in branch)
 f - 4 meat rations


   Skills:
 + Level 3.1 Fighting
 * Level 11.9 Maces & Flails
 - Level 1.7 Dodging
 - Level 1.5 Stealth
 - Level 2.4 Spellcasting
 - Level 0.6 Transmutations
 - Level 2.1 Earth Magic


You had 5 spell levels left.
You knew the following spells:

 Your Spells              Type           Power        Failure   Level  Hunger
a - Sandblast             Erth           #.....       12%         1    #......
b - Passwall              Tmut/Erth      #.........   21%         2    ###....
c - Ozocubu's Armour      Chrm/Ice       #.......     73%         3    ###....


Dungeon Overview and Level Annotations

Branches:
Dungeon (7/15)             Temple (1/1) D:4

Altars:
Ashenzari
Cheibriados
Dithmenos
Elyvilon
Fedhas
Gozag
Hepliaklqana
Kikubaaqudgha
Makhleb
Nemelex Xobeh
Okawaru
Qazlal
Ru
Sif Muna
Trog
Uskayaw
Vehumet
Xom
Yredelemnul
Zin
The Shining One

Shops:
D:6 =

Annotations:
D:5 Leszczynek's ghost, amateur OgEE


Innate Abilities, Weirdness & Mutations

You are too large for most types of armour.
((You have tough skin. (AC +1)))


Message History

You swing at nothing.
Your transformation is almost over.
You feel sick.
It was a potion of might.
You feel very mighty all of a sudden.
You feel sick.
You are stuck in your current form!
You swing at nothing.
You feel sick.
You swing at nothing.
You feel sick.
You swing at nothing.
You feel sick.
You swing at nothing.
You feel sick.
You swing at nothing.
You feel less woody.
The +2 robe "Secib" {Str+4} unmelds from your body.
* * * LOW HITPOINT WARNING * * *
You feel sick.
You turn into a tree.
The +2 robe "Secib" {Str+4} melds into your body.
Your roots penetrate the ground.
You die...

###...#####
###..###
###..###
###..##
##.>###
###..###
###..###
#....##
##†♣..#
#....##
#....<#
#.$...#
#.....#
#.....#
##....#
##...#
##.##


There were no monsters in sight!

Vanquished Creatures
  A water moccasin (D:7)
  An ice beast (D:7)
  2 phantoms
  An ogre (D:6)
  A centaur (D:4)
  2 giant frogs
  A scorpion (D:4)
  A howler monkey (D:7)
  A centaur zombie (D:7)
  A crimson imp (D:5)
  A hound (D:6)
  An iguana (D:7)
  3 worker ants
  A hound zombie (D:6)
  2 hound skeletons
  A worker ant zombie (D:6)
  3 gnolls
  7 adders
  3 oozes
  2 worms (D:2)
  2 adder skeletons
  3 dart slugs (D:1)
  4 giant geckos
  4 orcs
  3 ball pythons
  2 giant cockroaches
  6 goblins
  6 hobgoblins
  8 jackals (D:3)
  8 kobolds
  2 quokkas
  8 bats
  A giant gecko skeleton (D:4)
  8 giant newts
  A quokka skeleton (D:5)
  A quokka zombie (D:7)
  5 rats
108 creatures vanquished.

Notes
Turn   | Place    | Note
-------+----------+-------------------------------------------
     0 | D:1      | Leszczynek the Ogre Earth Elementalist began the quest for the Orb.
     0 | D:1      | Reached XP level 1. HP: 16/16 MP: 3/3
    50 | D:1      | Reached skill level 1 in Fighting
   242 | D:1      | Reached skill level 2 in Fighting
   242 | D:1      | Reached XP level 2. HP: 21/28 MP: 3/5
   360 | D:1      | Reached skill level 1 in Maces & Flails
   473 | D:1      | Reached skill level 2 in Maces & Flails
   473 | D:1      | Reached XP level 3. HP: 27/36 MP: 1/6
   477 | D:1      | Learned a level 2 spell: Passwall
   711 | D:2      | Reached skill level 3 in Maces & Flails
   787 | D:2      | Reached XP level 4. HP: 36/44 MP: 5/7
   895 | D:2      | Reached skill level 4 in Maces & Flails
  1246 | D:3      | Noticed a phantom
  1560 | D:3      | Reached skill level 5 in Maces & Flails
  1578 | D:3      | Reached XP level 5. HP: 48/50 MP: 2/8
  1722 | D:4      | Noticed a centaur
  1869 | D:3      | Killed a phantom
  1869 | D:3      | Reached skill level 6 in Maces & Flails
  1972 | D:4      | Killed a centaur
  1972 | D:4      | Reached skill level 7 in Maces & Flails
  1972 | D:4      | Reached XP level 6. HP: 8/59 MP: 2/9
  2356 | D:4      | Found a snail-covered altar of Cheibriados.
  2454 | D:4      | Found a staircase to the Ecumenical Temple.
  2459 | Temple   | Entered the Ecumenical Temple
  2534 | Temple   | Became a worshipper of Makhleb the Destroyer
  2576 | D:4      | Found a blossoming altar of Fedhas.
  2589 | D:4      | Reached skill level 8 in Maces & Flails
  2592 | D:4      | Found a basalt altar of Yredelemnul.
  2592 | D:4      | Found a sparkling altar of Nemelex Xobeh.
  2592 | D:4      | Found an opulent altar of Gozag.
  2764 | D:5      | Entered Level 5 of the Dungeon
  2764 | D:5      | Noticed a water moccasin
  2769 | D:4      | right
  2775 | D:5      | the centaur on d:4 wasn't enough
  2886 | D:5      | Reached XP level 7. HP: 58/66 MP: 10/10
  2938 | D:5      | Found a basalt altar of Yredelemnul.
  2944 | D:5      | Got a thick robe
  2955 | D:5      | Identified the +2 robe "Secib" {Str+4} (You found it on level 5 of the Dungeon)
  2965 | D:5      | Noticed Leszczynek's ghost (amateur OgEE)
  3006 | D:6      | Reached skill level 9 in Maces & Flails
  3007 | D:6      | Found Axke's Jewellery Shoppe.
  3350 | D:5      | Found an iron altar of Okawaru.
  3619 | D:6      | Bought a +2 ring of protection for 110 gold pieces
  3795 | D:6      | Noticed an unseen horror
  3795 | D:6      | Noticed a wyvern
  3883 | D:6      | Reached skill level 10 in Maces & Flails
  3989 | D:6      | Reached * piety under Makhleb
  4252 | D:7      | Reached skill level 11 in Maces & Flails
  4252 | D:7      | Reached XP level 8. HP: 43/74 MP: 11/11
  4530 | D:7      | Learned a level 3 spell: Ozocubu's Armour
  4688 | D:7      | Reached skill level 3 in Fighting
  4695 | D:7      | HP: 11/112 [poisoned by a water moccasin]
  4700 | D:7      | HP: 6/112 [poisoned by a water moccasin]
  4705 | D:7      | HP: 1/75 [poisoned by a water moccasin]
  4706 | D:7      | Succumbed to a water moccasin's poison

Vault maps used:
D:1:      dpeg_arrival_pond, minmay_misc_feat_columns, minmay_cupped
D:2:      amethyst_killhole
D:3:      first_bread
D:4:      lemuel_round_altar, minitemple, grunt_ministairs_10
D:5:      basic_altar, st_stairs_12, okawaru_metal_pillars_1_2
D:6:      serial_shops, nicolae_shop_waterfront, lightli_corner_chamber
D:7:      uniq_pikel
Temple:   nicolae_temple_elliptical

Skill      XL: |  1  2  3  4  5  6  7  8 |
---------------+-------------------------+-----
Fighting       | 2 3 |  3.1
Maces & Flails | 2 3 5 7 8 11 | 11.9
Dodging        | |  1.7
Stealth        | |  1.5
Spellcasting   | |  2.4
Transmutations | |  0.6
Earth Magic    | |  2.1

Action                   |  1- 3 |  4- 6 |  7- 9 || total
-------------------------+-------+-------+-------++-------
Melee: Short sword       |    34 |       |       ||    34
       Mace              |     8 |    35 |       ||    43
       Flail             |       |    53 |   103 ||   156
       Great mace        |       |       |     9 ||     9
 Fire: Hunting sling     |       |       |     2 ||     2
 Cast: Sandblast         |    36 |    85 |    56 ||   177
Evoke: Wand              |       |       |     3 ||     3
  Use: Scroll            |       |     9 |     4 ||    13
       Potion            |       |     4 |     5 ||     9
 Stab: Sleeping          |     1 |     1 |       ||     2
  Eat: Chunk             |     1 |     7 |     3 ||    11
       Beef jerky        |       |     1 |     3 ||     4
Armor: Robe              |    27 |    39 |    44 ||   110
       Skin              |       |       |     9 ||     9
Dodge: Dodged            |    58 |    89 |    78 ||   225
